 Dungeon Crawl Stone Soup version 0.31-a0-559-g03b8d61ab2 (console) character file.

Game seed: 8968887420235613649

90 Ignak the Gusty (level 4, -2/32 HPs)
             Began as a Gnoll Air Elementalist on Aug 17, 2023.
             Slain by a yak (12 damage)
             ... on level 4 of the Dungeon.
             The game lasted 00:07:16 (2513 turns).

Ignak the Gusty (Gnoll Air Elementalist)            Turns: 2513, Time: 00:07:16

Health: -2/32      AC:  2    Str:  7    XL:     4   Next: 56%
Magic:  10/11      EV: 13    Int: 16    God:
Gold:   146        SH:  0    Dex: 13    Spells: 5/13 levels left

rFire   . . .        k - +1 dagger (venom)
rCold   . . .        (no shield)
rNeg    . . .        a - +0 robe
rPois   .            (no helmet)
rElec   .            (no cloak)
rCorr   .            (no gloves)
SInv    .            (no boots)
Will    .....        (no amulet)
Stlth   +++          (no ring)
HPRegen 0.25/turn    (no ring)
MPRegen 0.12/turn

%: no passive effects
@: about to teleport
A: fangs 1, strong nose, distributed training
a: no special abilities


You were on level 4 of the Dungeon.
You visited 1 branch of the dungeon, and saw 4 of its levels.

You collected 146 gold pieces.

Inventory:

Hand Weapons
 k - a +1 dagger of venom (weapon)
Missiles
 j - 2 datura-tipped darts (quivered)
 s - 2 poisoned darts
Armour
 a - a +0 robe (worn)
Jewellery
 q - a ring of ice
Wands
 e - a wand of iceblast (9)
Scrolls
 c - a scroll of identify {unknown}
 d - a scroll of brand weapon
 g - a scroll of amnesia
 h - 3 scrolls of teleportation
 i - a scroll of revelation {unknown}
 n - a scroll of fog {unknown}
 r - a scroll of enchant armour {unknown}
 t - a scroll of blinking {unknown}
Potions
 b - a potion of magic
 f - 3 potions of curing
 l - a potion of degeneration {unknown}
 m - a potion of attraction {unknown}
 o - a potion of might {unknown}
 p - 2 potions of heal wounds
 u - a potion of enlightenment {unknown}


   Skills:
 + Level 1.2 Fighting
 + Level 1.2 Short Blades
 + Level 1.2 Long Blades
 + Level 1.2 Axes
 + Level 1.2 Maces & Flails
 + Level 1.2 Polearms
 + Level 1.2 Staves
 + Level 1.2 Ranged Weapons
 + Level 1.2 Throwing
 + Level 1.2 Armour
 + Level 4.6 Dodging
 + Level 4.3 Stealth
 + Level 1.2 Shields
 + Level 1.2 Unarmed Combat
 + Level 5.1 Spellcasting
 + Level 2.2 Conjurations
 + Level 1.0 Hexes
 + Level 1.0 Summonings
 + Level 1.0 Necromancy
 + Level 1.0 Translocations
 + Level 1.0 Transmutations
 + Level 1.0 Fire Magic
 + Level 1.0 Ice Magic
 + Level 5.5 Air Magic
 + Level 1.0 Earth Magic
 + Level 1.0 Poison Magic
 + Level 1.3 Invocations
 + Level 1.2 Evocations
 + Level 1.0 Shapeshifting


You had 5 spell levels left.
You knew the following spells:

 Your Spells              Type           Power      Damage    Failure   Level
a - Shock                 Conj/Air       64%        1d7       3%          1
e - Call Canine Familiar  Summ           7%         N/A       30%         3
z - Olgreb's Toxic Radia  Pois           7%         N/A       69%         4

Your spell library contained the following spells:

 Spells                   Type           Power      Damage    Failure   Level
 Static Discharge         Conj/Air       32%        2-4/arc   4%          2
 Swiftness                Air            21%        N/A       4%          3
 Airstrike                Air            10%        2d(2-18)  16%         4
 Portal Projectile        Hex/Tloc       14%        N/A       30%         3
 Tukima's Dance           Hex            7%         N/A       30%         3
 Iskenderun's Mystic Bla  Conj/Tloc      9%         2d4       58%         4
 Leda's Liquefaction      Hex/Erth       3%         N/A       69%         4
 Discord                  Hex            3%         N/A       100%        8
 Ignition                 Fire           3%         3d4       100%        8


Dungeon Overview and Level Annotations

Branches:
Dungeon (4/15)
 Temple: D:4-7

Altars:
Kikubaaqudgha

Shops:
D:2 [


Innate Abilities, Weirdness & Mutations

You have very sharp teeth.
Your uncanny sense of smell can sniff out nearby items.
Your experience applies equally to all skills.


Message History

Your hound bites the orc.
An orc, an orc wizard and a yak come into view.
The orc is wielding a +2 long sword of protection.
You feel sick.
You are no longer poisoned.
The yak snorts and paws the ground.
Your hound bites the orc.
The orc dies!
Your hound bites the yak.
The orc throws a stone.
The stone hits you.
Your hound looks up at you expectantly.
Your hound bites the yak but does no damage.
Your hound closely misses the yak.
The orc wizard points at you and mumbles some strange words.
You are confused.
Your hound closely misses the yak.
Okay, then.
Your hound bites the yak but does no damage.
You're too confused to move!
Your hound barely misses the yak.
The yak gores you.
Your hound barely misses the yak.
You are too confused!
You are too confused!
You are too confused!
You are too confused!
It was a potion of curing.
You feel better. The yak gores you!
A yak comes into view.
The orc throws a stone.
The stone barely misses you.
Your hound bites the yak.
The orc wizard points at you and mumbles some strange words.
You are confused.
You feel better.
Your hound bites the yak but does no damage.
The yak gores you! The yak gores your hound.
Your hound bites the yak.
The yak attacks as you move away! The yak gores you!
* * * LOW HITPOINT WARNING * * *
The yak completely misses you. The yak gores your hound.
The orc barely misses your hound.
Your hound bites the yak.
As you read the scroll of teleportation, it crumbles to dust.
You feel strangely unstable.
Your hound bites the yak.
The yak gores you!
You die...

#.......)......#
#..............# ##
..##..............# #.#.
........†.........# #.#.
......)...........# #.#.
..?........o......# #.#.
..##.....Y......>.# #.#.
#.......o.Y....# #.#.
#......oYhY@...##########.#.
#...........................
#...............#########.##
#...............# #...
###############.# ###... #.#
#..... #.# #.#.## #.# #.#...
#.#######.####


You could see 4 yaks, an orc wizard, 2 orcs and a friendly hound (summoned).

Vanquished Creatures
  An adder (D:3)
  2 worms
  A dart slug (D:1)
  2 orcs (D:3)
  8 bats
  4 endoplasms
  5 giant cockroaches
  3 hobgoblins
  5 quokkas
  4 ball pythons
  4 frilled lizards
  7 goblins
  4 kobolds
  6 rats
56 creatures vanquished.

Vanquished Creatures (collateral kills)
  An adder (D:4)
  An orc (D:4)
2 creatures vanquished.

Grand Total: 58 creatures vanquished

Notes
Turn   | Place    | Note
-------+----------+-------------------------------------------
     0 | D:1      | Ignak the Gnoll Air Elementalist began the quest for the
                  | Orb.
     0 | D:1      | Reached XP level 1. HP: 13/13 MP: 6/6
   205 | D:1      | Reached XP level 2. HP: 19/19 MP: 7/7
   707 | D:1      | Reached XP level 3. HP: 22/25 MP: 6/9
   905 | D:1      | Reached skill level 5 in Spellcasting
  1195 | D:2      | Found Nefibes's Antique Armour Boutique.
  1338 | D:2      | Reached skill level 1 in Invocations
  1618 | D:2      | Reached skill level 1 in Fighting
  1618 | D:2      | Reached skill level 1 in Short Blades
  1618 | D:2      | Reached skill level 1 in Long Blades
  1618 | D:2      | Reached skill level 1 in Axes
  1618 | D:2      | Reached skill level 1 in Maces & Flails
  1618 | D:2      | Reached skill level 1 in Polearms
  1618 | D:2      | Reached skill level 1 in Staves
  1618 | D:2      | Reached skill level 1 in Ranged Weapons
  1618 | D:2      | Reached skill level 1 in Throwing
  1618 | D:2      | Reached skill level 1 in Armour
  1618 | D:2      | Reached skill level 1 in Shields
  1618 | D:2      | Reached skill level 1 in Unarmed Combat
  1618 | D:2      | Reached skill level 1 in Evocations
  1620 | D:2      | Identified the +0 robe "Meranu" {rElec Int+3 Slay-4}
  1842 | D:3      | Learned a level 3 spell: Call Canine Familiar
  2042 | D:3      | Reached XP level 4. HP: 30/32 MP: 11/11
  2161 | D:3      | Found an ancient bone altar of Kikubaaqudgha.
  2319 | D:3      | Learned a level 4 spell: Olgreb's Toxic Radiance
  2497 | D:4      | Noticed a yak
  2498 | D:4      | Reached skill level 1 in Hexes
  2498 | D:4      | Reached skill level 1 in Summonings
  2498 | D:4      | Reached skill level 1 in Necromancy
  2498 | D:4      | Reached skill level 1 in Translocations
  2498 | D:4      | Reached skill level 1 in Transmutations
  2498 | D:4      | Reached skill level 1 in Fire Magic
  2498 | D:4      | Reached skill level 1 in Ice Magic
  2498 | D:4      | Reached skill level 1 in Earth Magic
  2498 | D:4      | Reached skill level 1 in Poison Magic
  2498 | D:4      | Reached skill level 1 in Shapeshifting
  2499 | D:4      | Noticed a yak
  2500 | D:4      | Noticed a yak
  2510 | D:4      | Noticed a yak
  2513 | D:4      | Slain by a yak

Illustrated notes

Levels and vault maps discovered:
D:1:      dpeg_arrival_subterranean_lakeside_camping, layout_basic
D:2:      minmay_chambers_of_twos, layout_basic, serial_shops,
          nicolae_shop_tiny_glass
D:3:      layout_rooms, mainiacjoe_overflow_catwalk
D:4:      layout_basic, corexii_item_surrounded_by_moat

Skill      XL: |  1  2  3  4 |
---------------+-------------+-----
Conjurations   | 2 |  2.2
Spellcasting   | 5 |  5.1
Invocations    | 1 |  1.3
Fighting       | 1 |  1.2
Short Blades   | 1 |  1.2
Long Blades    | 1 |  1.2
Axes           | 1 |  1.2
Maces & Flails | 1 |  1.2
Polearms       | 1 |  1.2
Staves         | 1 |  1.2
Ranged Weapons | 1 |  1.2
Throwing       | 1 |  1.2
Armour         | 1 |  1.2
Shields        | 1 |  1.2
Unarmed Combat | 1 |  1.2
Evocations     | 1 |  1.2
Hexes          | 1 |  1.0
Summonings     | 1 |  1.0
Necromancy     | 1 |  1.0
Translocations | 1 |  1.0
Transmutations | 1 |  1.0
Fire Magic     | 1 |  1.0
Ice Magic      | 1 |  1.0
Earth Magic    | 1 |  1.0
Poison Magic   | 1 |  1.0
Shapeshifting  | 1 |  1.0
Dodging        | |  4.6
Stealth        | |  4.3
Air Magic      | |  5.5

Action                     |  1- 3 |  4- 6 || total
---------------------------+-------+-------++-------
  Melee: Dagger            |    61 |    30 ||    91
         Unarmed           |     2 |       ||     2
         Short sword       |     9 |       ||     9
         Bite              |     6 |     4 ||    10
   Cast: Shock             |    28 |       ||    28
         Call Canine Famil |       |     1 ||     1
    Use: Scroll            |     3 |     1 ||     4
         Potion            |     1 |     2 ||     3
   Stab: Sleeping          |    12 |       ||    12
 Armour: Robe              |    10 |     3 ||    13
  Dodge: Dodged            |    44 |    27 ||    71

Table legend: (Time is in decaauts)
 A = Elapsed time spent in this place.
 B = Non-inter-level travel time spent in this place.
 C = Inter-level travel time spent in this place.
 D = Time resting spent in this place.
 E = Time spent auto-exploring this place.
 F = Levels seen in this place.
 G = Mean time per level.
                   A        B        C        D        E       F      G
               +--------+--------+--------+--------+--------+-----+--------+
         Total |   2512 |   2364 |    148 |     89 |   1397 |   4 |  628.0 |
       Dungeon |   2512 |   2364 |    148 |     89 |   1397 |   4 |  628.0 |
               +--------+--------+--------+--------+--------+-----+--------+

Top non-repeatable levels by time:
     D:1: 1078 daAuts
     D:2: 758 daAuts
     D:3: 567 daAuts
     D:4: 108 daAuts
